 Dungeon Crawl Stone Soup version 0.25-a0-667-gb977e01cb5 (webtiles) character file.

Game seed: 17885932469415844173, levelgen mode: deterministic

4403 Esekla the Stinger (level 10, -8/66 HPs)
             Began as an Octopode Venom Mage on Mar 27, 2020.
             Was a Believer of Ashenzari.
             Killed by the air
             ... invoked by kae's ghost
              (21 damage)
             ... on level 9 of the Dungeon.
             The game lasted 01:28:16 (11484 turns).

Esekla the Stinger (Octopode Venom Mage)           Turns: 11484, Time: 01:28:16

Health: -8/66      AC:  1    Str: 15    XL:     10   Next: 35%
Magic:  15/19      EV: 16    Int: 19    God:    Ashenzari [**....]
Gold:   354        SH:  7    Dex: 18    Spells: 15/21 levels left

rFire    . . .     SeeInvis +   s - +3 scimitar (curse)
rCold    . . .     Gourm    .   k - +1 buckler (curse)
rNeg     . . .     Faith    .   (helmet restricted)
rPois    .         Spirit   .   (no amulet)
rElec    .         Reflect  .   t - +6 ring of strength (curse)
rCorr    .         Harm     .   c - +5 ring of dexterity (curse)
MR       .....                  B - ring of see invisible
Stlth    ++++......             (no ring)
HPRegen  0.21/turn              (no ring)
MPRegen  0.16/turn              (no ring)
                                (no ring)
                                (no ring)

@: no status effects
A: almost no armour, stealthy swim, amphibious, 8 rings, constrict 8, camouflage
1, gelatinous body 1
a: Curse Item, Scrying, Renounce Religion


You were on level 9 of the Dungeon.
You worshipped Ashenzari.
Ashenzari was pleased with you.
You were not hungry.

You visited 2 branches of the dungeon, and saw 10 of its levels.

You collected 484 gold pieces.
You spent 130 gold pieces at shops.

Inventory:

Hand Weapons
 p - a +0 dagger of protection
 r - a +1 vorpal spear
 s - a cursed +3 scimitar (weapon)
 D - a +0 dagger of electrocution
 F - the cursed +3 hunting sling of Mutilation {vorpal, Fragile rPois Str-5 Dex+8}
   (You found it on level 7 of the Dungeon)

   Any stone fired from it inflicts extra damage.
   It affects your strength (-5).
   It affects your dexterity (+8).
   It protects you from poison.
   It will be destroyed if unequipped.
   It has a curse placed upon it.
Missiles
 d - 4 javelins (quivered)
 u - 13 poisoned darts
 H - 38 sling bullets
Armour
 k - a cursed +1 buckler (worn)
Jewellery
 c - a cursed +5 ring of dexterity (right tentacle)
 t - a cursed +6 ring of strength (left tentacle)
 z - an uncursed ring of ice
 B - a ring of see invisible (on tentacle)
Wands
 a - a wand of acid (6)
 w - a wand of paralysis (11)
 I - a wand of iceblast (11)
 K - a wand of flame (7)
Scrolls
 e - 2 scrolls of teleportation
 g - 5 scrolls of remove curse
 i - 3 scrolls of amnesia
 j - a scroll of immolation
 m - 2 scrolls of enchant armour
 x - a scroll of enchant weapon
 y - a scroll of fear
 E - 2 scrolls of magic mapping
 J - 2 scrolls of fog
Potions
 f - a potion of resistance
 h - a potion of brilliance
 l - 3 potions of flight
 n - 4 potions of haste
 o - a potion of stabbing
 q - 4 potions of heal wounds
 v - a potion of curing
 A - a potion of magic
 C - a potion of berserk rage
 G - a potion of mutation
Comestibles
 b - 17 rations


   Skills:
 * Level 5.3 Fighting
 + Level 1.0(2.3) Short Blades
 + Level 3.3(5.4) Long Blades
 + Level 0.4 Polearms
 + Level 1.4 Throwing
 * Level 5.1 Dodging
 + Level 5.0 Stealth
 * Level 4.0(5.4) Shields
 * Level 6.1 Spellcasting
 * Level 5.4 Conjurations
 * Level 2.4 Translocations
   Level 1.0 Transmutations
 + Level 4.4 Air Magic
 + Level 6.2 Poison Magic


You had 15 spell levels left.
You knew the following spells:

 Your Spells              Type           Power        Failure   Level  Hunger
a - Apportation           Tloc           ##....       4%          1    None
c - Mephitic Cloud        Conj/Pois/Air  ####....     3%          3    ##.....
v - Poisonous Vapours     Pois/Air       ####..       1%          2    None

Your spell library contained the following spells:

 Spells                   Type           Power        Failure   Level  Hunger
 Sting                    Tmut/Pois      ###.         2%          1    None
 Olgreb's Toxic Radiance  Pois           ####....     9%          4    ####...
 Animate Skeleton         Necr           N/A          11%         1    None
 Corona                   Hex            #......      11%         1    None
 Summon Small Mammal      Summ           #...         11%         1    None
 Ignite Poison            Fire/Tmut/Pois ###.....     12%         3    ##.....


Dungeon Overview and Level Annotations

Branches:
Dungeon (9/15)             Temple (1/1) D:6
   Lair: D:8-11         Orc: D:9-12

Altars:
Ashenzari
Cheibriados
Dithmenos
Elyvilon
Fedhas
Gozag
Hepliaklqana
Kikubaaqudgha
Makhleb
Nemelex Xobeh
Okawaru
Qazlal
Ru
Sif Muna
Trog
Uskayaw
Vehumet
Wu Jian
Xom
Yredelemnul
Zin
The Shining One
Beogh

Shops:
D:4 ?

Annotations:
D:6 exclusion: oklob plant
D:9 kae's ghost, novice TeAE


Innate Abilities, Weirdness & Mutations

You cannot wear most types of armour.
You are very stealthy in the water. (Stealth+)
You are amphibious.
You can wear up to eight rings at the same time.
You can use your tentacles to constrict eight enemies at once.
Your skin changes colour to match your surroundings (Stealth+).
Your rubbery body absorbs attacks. (AC +1, EV +1)


Message History

Press: ? - help, Dir - move target cursor, f - orc warrior
Aim: an orc warrior, wielding a +0 war axe and wearing a +0 chain mail Poisonous vapours surround the orc warrior!
The orc hits you.
The orc warrior is engulfed in poison gas.
The orc warrior is poisoned.
Kae's ghost casts a spell at you.
The bolt of lightning hits the orc!!
The orc dies!
The bolt of lightning hits you!!
You see here a +0 war axe.
Kae's ghost mumbles some strange words.
Kae's ghost puts on a burst of speed!
The orc warrior looks more healthy.
Kae's ghost points at you and mumbles some strange words.
The bolt of lightning hits you!!
* * * LOW HITPOINT WARNING * * *
Kae's ghost waves its arms in wide circles.
The air twists around and strikes you!!
You die...

.########8..o.....#
##................#
#............Wo..#
#...........)....#
##................#
..................#
................o.#
###...............#
#.............@.#
#.#######.......#
###.# #.......#
....# #.......#
....# #.......#
##..# #.......#
#..#######.......#
#................#
#...#####........#


You could see 2 orc warriors and kae's ghost.

Vanquished Creatures
  2 hippogriffs
  A hornet (D:7)
  A hungry ghost (D:9)
  3 orc warriors
  A sky beast (D:4)
  2 black bears
  5 ogres
  2 phantoms
  A necrophage (D:6)
  2 centaurs
  A big kobold (D:8)
  6 bullfrogs
  6 killer bees (D:7)
  9 wights (D:7)
  An electric eel (D:7)
  3 crimson imps
  A jelly (D:8)
  3 hounds
  6 orc priests
  A bullfrog skeleton (D:9)
  11 orc wizards
  A centaur skeleton (D:8)
  Terence (D:3)
  An iguana (D:4)
  4 worker ants
  A killer bee zombie (D:7)
  Robin (D:3)
  A howler monkey skeleton (D:7)
  10 adders
  4 gnolls (D:4)
  An ooze (D:3)
  An adder zombie (D:6)
  An adder skeleton (D:6)
  3 worms
  2 dart slugs
  3 leopard geckos
  25 orcs
  6 giant cockroaches
  18 goblins
  13 hobgoblins
  10 jackals
  6 quokkas
  13 bats
  3 frilled lizards (D:2)
  A jackal skeleton (D:4)
  10 kobolds
  A quokka skeleton (D:4)
  9 rats
218 creatures vanquished.

Vanquished Creatures (others)
  An orc (D:9)
  4 toadstools (D:1)
5 creatures vanquished.

Grand Total: 223 creatures vanquished

Notes
Turn   | Place    | Note
-------+----------+-------------------------------------------
     0 | D:1      | Esekla the Octopode Venom Mage began the quest for the Orb.
     0 | D:1      | Reached XP level 1. HP: 11/11 MP: 3/3
    88 | D:2      | Found a blossoming altar of Fedhas.
   308 | D:1      | Reached XP level 2. HP: 18/18 MP: 3/5
   312 | D:1      | Learned a level 2 spell: Poisonous Vapours
   509 | D:1      | You fall into a shaft and drop 1 floor!
   622 | D:2      | Found a snail-covered altar of Cheibriados.
   736 | D:1      | Reached XP level 3. HP: 22/22 MP: 0/6
   741 | D:1      | Learned a level 3 spell: Mephitic Cloud
  1447 | D:2      | Noticed a centaur
  1573 | D:2      | Reached XP level 4. HP: 27/27 MP: 4/7
  1583 | D:2      | Reached skill level 1 in Fighting
  1786 | D:3      | Noticed Robin
  1798 | D:3      | Noticed Terence
  1944 | D:2      | Reached skill level 1 in Air Magic
  2049 | D:2      | Killed a centaur
  2049 | D:2      | Reached skill level 1 in Conjurations
  2049 | D:2      | Reached XP level 5. HP: 11/33 MP: 1/9
  2256 | D:2      | Found a bloodstained altar of Trog.
  2569 | D:3      | Killed Robin
  2605 | D:3      | Killed Terence
  2605 | D:3      | Reached XP level 6. HP: 8/39 MP: 2/10
  3495 | D:4      | Found Ocyseed's Magic Scroll Shop.
  3529 | D:4      | Bought a scroll of identify for 20 gold pieces
  3529 | D:4      | Bought a scroll of enchant weapon for 75 gold pieces
  3529 | D:4      | Bought a scroll of fear for 35 gold pieces
  3664 | D:4      | Reached XP level 7. HP: 45/45 MP: 5/12
  4154 | D:4      | Reached skill level 5 in Poison Magic
  4248 | D:5      | Entered Level 5 of the Dungeon
  5813 | D:6      | Reached XP level 8. HP: 51/51 MP: 7/14
  5825 | D:6      | Found a staircase to the Ecumenical Temple.
  5836 | Temple   | Entered the Ecumenical Temple
  5955 | Temple   | Became a worshipper of Ashenzari the Shackled
  6017 | D:6      | Reached skill level 1 in Long Blades
  6131 | D:6      | Found a glowing silver altar of Zin.
  6133 | D:6      | Noticed an oklob plant
  6194 | D:6      | Found a basalt altar of Yredelemnul.
  6277 | D:6      | Found a white marble altar of Elyvilon.
  6654 | D:6      | Found an opulent altar of Gozag.
  6750 | D:6      | Reached skill level 1 in Shields
  6780 | D:6      | Found a sacrificial altar of Ru.
  7748 | D:7      | Noticed a hornet
  7757 | D:7      | Killed a hornet
  7757 | D:7      | Reached skill level 5 in Spellcasting
  7757 | D:7      | Reached XP level 9. HP: 26/58 MP: 10/16
  8348 | D:7      | Reached skill level 1 in Short Blades
  9178 | D:7      | Learned a level 1 spell: Apportation
  9237 | D:7      | Got the cursed hunting sling of Mutilation {vorpal, Fragile
                  | rPois Str-5 Dex+8}
  9332 | D:7      | Reached skill level 1 in Translocations
  9339 | D:7      | Reached skill level 5 in Conjurations
  9646 | D:7      | Reached XP level 10. HP: 65/65 MP: 18/18
  9713 | D:7      | Reached skill level 5 in Fighting
  9713 | D:7      | Reached skill level 1 in Throwing
 10224 | D:7      | Identified the cursed +3 hunting sling of Mutilation
                  | {vorpal, Fragile rPois Str-5 Dex+8} (You found it on level
                  | 7 of the Dungeon)
 10278 | D:8      | Reached skill level 5 in Dodging
 10356 | D:8      | Found a glowing silver altar of Zin.
 10518 | D:8      | Reached * piety under Ashenzari
 10600 | D:8      | Found a shimmering altar of Xom.
 10602 | D:8      | Found an ancient bone altar of Kikubaaqudgha.
 10602 | D:8      | Found a shimmering altar of Xom.
 10604 | D:8      | Found a snail-covered altar of Cheibriados.
 10604 | D:8      | Found a hazy altar of Hepliaklqana.
 10604 | D:8      | Found a basalt altar of Yredelemnul.
 10725 | D:9      | Found a stormy altar of Qazlal.
 10954 | D:9      | Found a shimmering blue altar of Sif Muna.
 10960 | D:9      | Found an iron altar of Okawaru.
 11035 | D:9      | Found a burning altar of Makhleb.
 11108 | D:9      | Identified the +7 dire flail of Bolauf {speed, rPois rC-
                  | SInv}
 11109 | D:9      | Found a runed translucent gate.
 11110 | D:9      | Found a runed translucent gate.
 11113 | D:9      | Found a runed translucent gate.
 11113 | D:9      | Noticed kae's ghost (novice TeAE)
 11123 | D:9      | Found a roughly hewn altar of Beogh.
 11314 | D:9      | Reached ** piety under Ashenzari
 11398 | D:9      | Found a burning altar of Makhleb.
 11402 | D:9      | Reached skill level 5 in Stealth
 11484 | D:9      | Killed from afar by kae's ghost

Levels and vault maps discovered:
D:1:      ldierk_walled_garden_2, layout_basic, minmay_tiny_reverse_x
D:2:      layout_rooms, lemuel_round_altar, kennysheep_slug_shrine,
          lemuel_round_altar
D:3:      layout_basic, uniq_robin, uniq_terence
D:4:      layout_basic, first_ration, serial_shops, shop
D:5:      layout_loops_corners
D:6:      layout_basic, kennysheep_ying_yang, old_standard_altar,
          nicolae_gozag_cash_rules_everything_around_me,
          minmay_temple_entry_sparse_star, lemuel_oklob_altar
D:7:      layout_basic, grunt_ogre_cave, lightli_minifort
D:8:      layout_basic, nicolae_overflow_crystal_walls, doesnt_xom_only_xom
D:9:      layout_small_grid, grunt_qazlal_clouds, lightli_temple_of_fire,
          minitemple, biasface_ghost_orc_armoury, basic_altar
Temple:   nicolae_temple_figure_zero

Skill      XL: |  1  2  3  4  5  6  7  8  9 10 |
---------------+-------------------------------+-----
Poison Magic   | 4 5 6 |  6.2
Fighting       | 1 2 3 4 5 |  5.3
Air Magic      | 1 2 3 4 |  4.4
Spellcasting   | 3 4 5 6 |  6.1
Conjurations   | 1 2 3 5 |  5.4
Stealth        | 3 4 5 |  5.0
Dodging        | 3 4 5 |  5.1
Long Blades    | 2 3 |  3.3
Shields        | 2 3 4 |  4.0
Short Blades   | 1 |  1.0
Translocations | 1 2 |  2.4
Throwing       | 1 |  1.4
Polearms       | |  0.4
Transmutations | |  1.0

Action                   |  1- 3 |  4- 6 |  7- 9 | 10-12 || total
-------------------------+-------+-------+-------+-------++-------
Melee: Spear             |     9 |    36 |       |       ||    45
       Constrict         |    15 |    20 |    39 |    11 ||    85
       Short sword       |    46 |    34 |     2 |       ||    82
       Tentacles         |     3 |    14 |    46 |    12 ||    75
       Falchion          |       |    20 |   114 |       ||   134
       Scimitar          |       |       |    36 |    56 ||    92
       Dagger            |       |       |     7 |     1 ||     8
Throw: Javelin           |    12 |     1 |    26 |     1 ||    40
       Dart              |       |       |    13 |    10 ||    23
 Cast: Sting             |     3 |       |       |       ||     3
       Poisonous Vapours |    25 |    47 |    94 |     6 ||   172
       Mephitic Cloud    |       |     3 |     7 |     1 ||    11
       Apportation       |       |       |     2 |     2 ||     4
Invok: Curse Item        |       |       |     3 |     1 ||     4
  Use: Scroll            |     2 |     5 |    12 |       ||    19
 Stab: Sleeping          |     2 |     4 |     7 |     5 ||    18
       Confused          |       |     1 |     3 |     1 ||     5
  Eat: Chunk             |     4 |     9 |     6 |     5 ||    24
       Ration            |       |       |     4 |     1 ||     5
Armor: Skin              |     9 |    11 |     5 |     4 ||    29
Dodge: Dodged            |    63 |    48 |    97 |    44 ||   252
Block: Buckler           |       |       |    29 |    11 ||    40
       Rpst.: Falchion   |       |     4 |    24 |       ||    28
       Scimitar          |       |       |     3 |     9 ||    12

Table legend:
 A = Non-vault XP
 B = Vault XP
 C = Vault XP percentage of total XP
 D = Non-vault monster count
 E = Vault monster count
 F = Vault count percentage of total count
                 A         B        C        D         E       F
            +---------+---------+-------+---------+---------+-------
      Total |    5874 |     417 |   6.6 |     193 |      25 |  11.5
            +---------+---------+-------+---------+---------+-------
        D:1 |      54 |       3 |   5.3 |      31 |       2 |   6.1
        D:2 |     185 |       4 |   2.1 |      25 |       1 |   3.8
        D:3 |      37 |      70 |  65.4 |      16 |      12 |  42.9
        D:4 |     656 |       0 |   0.0 |      27 |       0 |   0.0
        D:5 |     162 |       0 |   0.0 |       5 |       0 |   0.0
        D:6 |     834 |       0 |   0.0 |      12 |       0 |   0.0
        D:7 |    2151 |     287 |  11.8 |      37 |       5 |  11.9
        D:8 |    1058 |       0 |   0.0 |      30 |       0 |   0.0
        D:9 |     737 |      53 |   6.7 |      10 |       5 |  33.3
            +---------+---------+-------+---------+---------+-------
